Map: Frost LE

Players

Miszu

  • Race: Zerg Zerg
  • League: Master

Seigifried - Winner!

  • Race: Protoss Protoss
  • League: Master

VOD

Have the link to the VOD?

Description

Time

  • Played on: July 1, 2016, 12:39 p.m.
  • Length: 9:52
Show
View Real Time Build Order
Export as new Build Order

Miszu Zerg 

Build Orders: Hatch First 

Get SALT Encoding   

  12  0:00  Drone  
  13  0:13  Overlord  
  13  0:30  Drone  
  13  0:33  Drone x2  
  16  0:45  Drone  
  17  0:54  Hatchery  
  16  0:57  Drone  
  16  1:03  Drone  
  18  1:12  Extractor  
  18  1:17  Spawning Pool  
  16  1:19  Drone  
  17  1:31  Drone  
  18  1:37  Drone  
  19  1:48  Overlord  
  19  2:04  Queen  
  19  2:05  Queen  
  19  2:07  Drone x3  
  26  2:14  Metabolic Boost  
  26  2:19  Zergling x4  
  28  2:27  Zergling x2  
  29  2:31  Overlord  
  29  2:38  Drone  
  29  2:40  Drone  
  31  2:49  Drone  
  32  2:52  Drone  
  32  2:54  Queen  
  35  3:07  Hatchery  
  34  3:20  Drone x3  
  34  3:21  Evolution Chamber x2  
  34  3:23  Drone  
  36  3:29  Drone x2  
  36  3:30  Drone  
  38  3:35  Overlord  
  38  3:42  Drone x2  
  38  3:43  Drone  
  41  3:49  Zerg Melee Weapons Level 1  
  41  3:54  Zerg Ground Armor Level 1  
  41  3:57  Drone x2  
  41  3:59  Drone  
  41  4:01  Drone  
  45  4:05  Drone x2  
  48  4:10  Zergling x4  
  49  4:17  Baneling Nest  
  48  4:24  Zergling x14  
  54  4:41  Drone x2  
  56  4:47  Overlord  
  56  4:49  Drone x2  
  56  4:51  Overlord x2  
  56  4:52  Overlord x2  
  58  5:04  Spore Crawler  
  58  5:05  Queen, Spore Crawler  
  58  5:07  Drone x2  
  58  5:08  Drone x4  
  58  5:12  Lair  
  64  5:15  Extractor  
  64  5:17  Spore Crawler  
  62  5:25  Spore Crawler  
  62  5:28  Pneumatized Carapace  
  61  5:38  Overlord x2  
  64  5:50  Zergling x28  
  73  6:04  Hatchery  
  73  6:06  Overlord x3  
  73  6:11  Zerg Melee Weapons Level 2  
  72  6:16  Queen  
  72  6:28  Zergling x12  
  72  6:29  Zergling x10  
  81  6:43  Overlord  
  80  6:51  Zerg Ground Armor Level 2  
  80  6:57  Zergling x24  
  92  7:01  Queen  
  92  7:16  Zergling x16  
  98  7:31  Drone x2  
  98  7:34  Zergling x22  
  111  7:42  Drone x2  
  111  7:43  Drone x3  
  79  8:04  Extractor  
  79  8:05  Hydralisk Den  
  76  8:15  Zergling x2  
  76  8:16  Zergling x38, Queen  
  98  8:25  Extractor x2  
  96  8:31  Overseer x2  
  94  8:52  Zergling x8  
  94  8:53  Zergling x30  
  109  8:56  Zergling x2  
  101  9:06  Zergling x8  
  88  9:22  Zergling x6  
  88  9:23  Zergling x8  
  80  9:26  Hydralisk  
  80  9:27  Hydralisk x2  
Show
View Real Time Build Order
Export as new Build Order

Seigifried Protoss - Winner!

Build Orders: 1 Gate Expand, Zealot Archon 

Get SALT Encoding   

  12  0:03  Probe (Chrono Boost)  
  13  0:13  Probe (Chrono Boost)  
  14  0:18  Pylon  
  14  0:24  Probe (Chrono Boost)  
  15  0:36  Probe (Chrono Boost)  
  15  0:40  Gateway  
  16  0:46  Assimilator  
  16  0:49  Probe (Chrono Boost)  
  17  1:00  Probe (Chrono Boost)  
  18  1:10  Probe (Chrono Boost)  
  19  1:24  Probe (Chrono Boost)  
  20  1:31  Nexus  
  20  1:43  Cybernetics Core  
  21  1:47  Probe (Chrono Boost)  
  21  1:53  Pylon  
  21  1:58  Assimilator  
  21  2:02  Probe (Chrono Boost)  
  22  2:15  Probe (Chrono Boost)  
  23  2:22  Adept (Chrono Boost), Warp Gate  
  25  2:26  Probe  
  26  2:39  Gateway  
  26  2:41  Gateway  
  26  2:45  Probe x2  
  28  2:54  Mothership Core (Chrono Boost)  
  28  2:57  Probe  
  30  3:00  Sentry (Chrono Boost)  
  32  3:08  Pylon  
  32  3:09  Probe (Chrono Boost)  
  33  3:18  Probe (Chrono Boost)  
  34  3:28  Probe (Chrono Boost)  
  34  3:30  Probe (Chrono Boost)  
  36  3:35  Assimilator  
  36  3:38  Probe (Chrono Boost)  
  37  3:42  Stargate  
  37  3:43  Stargate, Probe (Chrono Boost)  
  38  3:49  Probe (Chrono Boost)  
  39  3:56  Probe (Chrono Boost)  
  39  3:59  Probe (Chrono Boost)  
  39  4:01  Gateway  
  41  4:06  Pylon  
  41  4:07  Probe (Chrono Boost)  
  42  4:10  Probe (Chrono Boost)  
  43  4:18  Probe (Chrono Boost)  
  43  4:20  Probe (Chrono Boost)  
  45  4:28  Probe (Chrono Boost)  
  46  4:32  Phoenix x2 (Chrono Boost), Probe (Chrono Boost)  
  49  4:39  Probe  
  49  4:41  Assimilator  
  49  4:43  Probe  
  49  4:44  Pylon  
  51  4:48  Twilight Council  
  51  4:53  Probe  
  51  4:54  Phoenix (Chrono Boost)  
  51  4:56  Probe  
  51  4:57  Phoenix (Chrono Boost)  
  57  5:10  Gateway, Pylon  
  57  5:12  Gateway  
  57  5:16  Phoenix (Chrono Boost)  
  59  5:24  Phoenix (Chrono Boost)  
  59  5:25  Resonating Glaives (Chrono Boost)  
  61  5:29  Probe x2  
  62  5:45  Dark Shrine  
  62  5:53  Adept  
  62  5:55  Adept  
  66  5:59  Sentry  
  68  6:05  Probe  
  69  6:11  Robotics Facility  
  69  6:18  Probe  
  69  6:19  Probe  
  69  6:20  Phoenix x2 (Chrono Boost)  
  75  6:28  Adept  
  77  6:32  Pylon  
  77  6:33  Pylon  
  77  6:35  Pylon  
  77  6:50  Probe  
  77  6:52  Pylon  
  78  7:00  Warp Prism (Chrono Boost)  
  80  7:05  Adept x6  
  92  7:09  Nexus  
  92  7:12  Pylon  
  92  7:13  Pylon  
  92  7:16  Pylon  
  92  7:25  Probe  
  93  7:32  Dark Templar x4  
  101  7:37  Archon x2  
  101  7:38  Dark Templar  
  101  7:41  Dark Templar  
  105  7:57  Archon  
  97  8:01  Gateway  
  97  8:02  Gateway, Probe  
  97  8:03  Probe  
  99  8:05  Assimilator  
  99  8:08  Pylon  
  99  8:11  Adept x2  
  99  8:12  Adept x2  
  107  8:16  Adept  
  109  8:25  Probe  
  109  8:26  Probe x2  
  112  8:28  Observer (Chrono Boost)  
  113  8:36  Pylon  
  113  8:37  Assimilator  
  113  8:41  Forge  
  113  8:47  Sentry  
  111  8:58  Adept x3  
  111  9:00  Adept  
  111  9:01  Adept  
  120  9:11  Dark Templar  
  120  9:17  Dark Templar x2  
  111  9:25  Adept x5  
  111  9:30  Probe  
  111  9:31  Probe  
  121  9:45  Nexus  
Tags
 
Add a new tag
Caveats
  • Supply blocks, unpowered buildings, or Contaminate may cause inaccurate times.
  • Supply counts are checked every 10 seconds.